 Dungeon Crawl Stone Soup version 0.22.1-1-ga44c0e5 (webtiles) character file.

2631 Harpaggios the Magician (level 9, -1/71 HPs)
             Began as a Gnoll Skald on Oct 16, 2018.
             Was a Believer of Ru.
             Slain by a wight
             ... wielding a cursed +0 spear
              (6 damage)
             ... on level 8 of the Dungeon.
             The game lasted 00:47:14 (6525 turns).

Harpaggios the Magician (Gnoll Skald)               Turns: 6525, Time: 00:47:17

Health: -1/71      AC:  8    Str: 16    XL:     9   Next: 61%
Magic:  11/19      EV: 14    Int: 21    God:    Ru [**....]
Gold:   145        SH:  0    Dex: 12    Spells: 10/21 levels left

rFire    . . .     SeeInvis .   s - +1 dagger of Wrath {drain, Str+2 Int+3}
rCold    . . .     Gourm    .   (no shield)
rNeg     + . .     Faith    .   u - +2 leather armour "Tovvia" {rN+ MR+ Dex-3}
rPois    .         Spirit   .   (no helmet)
rElec    .         Reflect  .   k - +2 cloak
rCorr    .         Harm     .   (no gloves)
MR       +....                  (no boots)
Stlth    ++........             f - amulet of regeneration
HPRegen  0.61/turn              b - ring of wizardry
MPRegen  0.16/turn              j - ring of wizardry

@: singing, heavily drained
A: distributed training, fangs 1, wild magic 2, hated by all, no necromancy
magic, no poison magic, no summoning magic, strong nose
a: Renounce Religion


You were on level 8 of the Dungeon.
You worshipped Ru.
Ru was pleased with you.
You were not hungry.

You visited 1 branch of the dungeon, and saw 8 of its levels.

You collected 334 gold pieces.
You spent 189 gold pieces at shops.

Inventory:

Hand Weapons
 a - a +1 falchion
 s - the +1 dagger of Wrath (weapon) {drain, Str+2 Int+3}
   (You found it on level 7 of the Dungeon)

   A truly terrible weapon, it drains the life of those it strikes.
   It affects your strength (+2).
   It affects your intelligence (+3).
Armour
 h - a +1 leather armour of poison resistance
 k - a +2 cloak (worn)
 u - the +2 leather armour "Tovvia" (worn) {rN+ MR+ Dex-3}
   (You bought it in a shop on level 7 of the Dungeon)

   It affects your dexterity (-3).
   It protects you from negative energy.
   It affects your resistance to hostile enchantments.
Jewellery
 b - a ring of wizardry (left hand)
 f - an amulet of regeneration (around neck)
 j - a ring of wizardry (right hand)
Wands
 l - a wand of flame (20)
 n - a wand of digging (6)
 v - a wand of acid (9)
Scrolls
 e - 3 scrolls of remove curse
 g - 4 scrolls of teleportation
 t - a scroll of blinking
Potions
 i - 4 potions of lignification
 m - a potion of haste
 o - a potion of mutation
 p - 2 potions of curing {unknown}
 q - a potion of might
 r - a potion of brilliance
Comestibles
 c - 7 chunks of flesh
 d - 12 rations


   Skills:
 + Level 6.4(4.8) Fighting
 + Level 4.3(2.8) Short Blades
 + Level 6.4(4.8) Long Blades
 + Level 4.3(2.8) Axes
 + Level 4.3(2.8) Maces & Flails
 + Level 4.3(2.8) Polearms
 + Level 4.3(2.8) Staves
 + Level 4.3(2.8) Slings
 + Level 4.3(2.8) Bows
 + Level 4.3(2.8) Crossbows
 + Level 4.3(2.8) Throwing
 + Level 5.1(3.6) Armour
 + Level 6.4(4.8) Dodging
 + Level 4.3(2.8) Stealth
 + Level 4.3(2.8) Shields
 + Level 4.3(2.8) Unarmed Combat
 + Level 6.7(5.1) Spellcasting
 + Level 3.5(2.1) Conjurations
 + Level 3.5(2.1) Hexes
 + Level 6.6(5.0) Charms
   Level 0.0 Summonings
   Level 0.0 Necromancy
 + Level 3.5(2.1) Translocations
 + Level 3.5(2.1) Transmutations
 + Level 3.5(2.1) Fire Magic
 + Level 3.5(2.1) Ice Magic
 + Level 3.5(2.1) Air Magic
 + Level 3.5(2.1) Earth Magic
   Level 0.0 Poison Magic
 + Level 4.8(3.2) Invocations
 + Level 4.3(2.8) Evocations


You had 10 spell levels left.
You knew the following spells:

 Your Spells              Type           Power        Failure   Level  Hunger
a - Infusion              Chrm           ####         1%          1    None
b - Song of Slaying       Chrm           #####...     2%          2    None
c - Shroud of Golubria    Chrm/Tloc      ####......   3%          2    None
d - Spectral Weapon       Hex/Chrm       ####....     5%          3    ##.....
e - Regeneration          Chrm/Necr      ####......   8%          3    ##.....

Your spell library contained the following spells:

 Spells                   Type           Power        Failure   Level  Hunger
 Freeze                   Ice            ###.         3%          1    None
 Throw Frost              Conj/Ice       ###...       5%          2    None
 Ozocubu's Armour         Chrm/Ice       ####....     5%          3    ##.....
 Throw Icicle             Conj/Ice       ###.....     22%         4    ####...
 Summon Ice Beast         Ice/Summ       Unusable     N/A         4    N/A

Dungeon Overview and Level Annotations

Branches:
Dungeon (8/15)             Temple (0/1) D:7
   Lair: D:8-11

Altars:
Ashenzari
Gozag
Makhleb
Nemelex Xobeh
Ru
Sif Muna
Trog
The Shining One

Shops:
D:6 }   D:7 *


Innate Abilities, Weirdness & Mutations

Your experience applies equally to all skills.
You have very sharp teeth.
You are hated by all.
You cannot study or cast Necromancy magic.
You cannot study or cast Poison magic.
You cannot study or cast Summoning magic.
Your uncanny sense of smell can sniff out nearby items.
Your spells are harder to cast, but more powerful.


Message History

Your shroud falls apart!
The wight hits you but does no damage.
You hit the wight but do no damage. Your punch misses the wight.
You bite the wight, but do no damage.
The wight is almost destroyed.
The wight barely misses you.
You hit the wight but do no damage.
The wight is almost destroyed.
The wight hits you but does no damage. The wight closely misses you.
You completely miss the wight.
The wight is almost destroyed.
The wight hits you but does no damage.
You hit the wight.
The wight is almost destroyed.
The wight hits you with an enchanted hand axe!
* * * LOW HITPOINT WARNING * * *
You partially resist.
You feel drained.
* * * LOW HITPOINT WARNING * * *
The wight hits you from afar with a spear.
You die...

.. .... # .# ..z.. . ..
###########...≈≈≈ #.##
#......[.......≈. #..#
#(...............
#####.######................
............)...zz..........
#####.##...#####z#......≈...
# #..#(..# #@#.......... #
##.#...# #...#...≈...... #
#.....# #.#.#..≈....... #
##[...##.......≈≈≈.≈≈. #
#....#.. #.......... #
#....#.. #.#....... #
##...#. ....∆ ∆ # #..##.
..##. # ##.#


You could see 3 wights.

Vanquished Creatures
  A hippogriff (D:8)
  Sigmund (D:5)
  2 orc warriors (D:7)
  2 ogres
  A phantom (D:7)
  2 centaurs
  Blork the orc (D:4)
  2 bullfrogs (D:7)
  A water moccasin zombie (D:6)
  A wyvern skeleton (D:6)
  2 jellies
  3 scorpions
  2 wights (D:8)
  A howler monkey (D:6)
  2 crimson imps (D:6)
  A centaur zombie (D:7)
  2 hounds
  12 orc wizards
  6 orc priests
  4 worker ants
  An iguana (D:6)
  A hound skeleton (D:8)
  13 adders
  A shadow imp (D:7)
  An ooze (D:2)
  An adder skeleton (D:6)
  3 worms
  3 dart slugs
  4 leopard geckos
  20 orcs
  2 ball pythons
  2 giant cockroaches
  4 goblins
  9 hobgoblins
  12 jackals
  5 quokkas
  7 bats
  7 frilled lizards
  A jackal zombie (D:5)
  6 kobolds
  A leopard gecko skeleton (D:4)
  5 rats
158 creatures vanquished.

Vanquished Creatures (others)
  An orc wizard (D:7)
  A spectral weapon (D:8)
2 creatures vanquished.

Grand Total: 160 creatures vanquished

Notes
Turn   | Place    | Note
-------+----------+-------------------------------------------
     0 | D:1      | Harpaggios the Gnoll Skald began the quest for the Orb.
     0 | D:1      | Reached XP level 1. HP: 20/20 MP: 6/6
   143 | D:1      | Reached XP level 2. HP: 20/26 MP: 2/7
   473 | D:1      | Reached XP level 3. HP: 31/31 MP: 9/9
   562 | D:1      | Reached skill level 5 in Spellcasting
   846 | D:2      | Reached skill level 1 in Invocations
   917 | D:2      | Reached skill level 1 in Short Blades
   917 | D:2      | Reached skill level 1 in Axes
   917 | D:2      | Reached skill level 1 in Maces & Flails
   917 | D:2      | Reached skill level 1 in Polearms
   917 | D:2      | Reached skill level 1 in Staves
   917 | D:2      | Reached skill level 1 in Slings
   917 | D:2      | Reached skill level 1 in Bows
   917 | D:2      | Reached skill level 1 in Crossbows
   917 | D:2      | Reached skill level 1 in Throwing
   917 | D:2      | Reached skill level 1 in Stealth
   917 | D:2      | Reached skill level 1 in Shields
   917 | D:2      | Reached skill level 1 in Unarmed Combat
   917 | D:2      | Reached skill level 1 in Evocations
   920 | D:2      | Reached XP level 4. HP: 31/38 MP: 4/11
  1363 | D:2      | Gained mutation: Your spells are a little harder to cast,
                  | but a little more powerful. [potion of mutation]
  1363 | D:2      | Gained mutation: Your spells are harder to cast, but more
                  | powerful. [potion of mutation]
  1369 | D:2      | Learned a level 2 spell: Song of Slaying
  1467 | D:2      | Reached skill level 1 in Conjurations
  1467 | D:2      | Reached skill level 1 in Hexes
  1467 | D:2      | Reached skill level 1 in Summonings
  1467 | D:2      | Reached skill level 1 in Necromancy
  1467 | D:2      | Reached skill level 1 in Translocations
  1467 | D:2      | Reached skill level 1 in Transmutations
  1467 | D:2      | Reached skill level 1 in Fire Magic
  1467 | D:2      | Reached skill level 1 in Ice Magic
  1467 | D:2      | Reached skill level 1 in Air Magic
  1467 | D:2      | Reached skill level 1 in Earth Magic
  1467 | D:2      | Reached skill level 1 in Poison Magic
  1678 | D:3      | Reached XP level 5. HP: 38/43 MP: 7/12
  2393 | D:3      | Learned a level 2 spell: Shroud of Golubria
  2727 | D:4      | Found a sacrificial altar of Ru.
  2732 | D:4      | Noticed Blork the orc
  2735 | D:4      | Became a worshipper of Ru the Awakened
  2747 | D:4      | Killed Blork the orc
  2747 | D:4      | Reached XP level 6. HP: 28/50 MP: 4/14
  2889 | D:4      | Reached skill level 5 in Fighting
  2889 | D:4      | Reached skill level 5 in Long Blades
  2889 | D:4      | Reached skill level 5 in Dodging
  3089 | D:4      | Reached XP level 7. HP: 42/56 MP: 15/15
  3154 | D:4      | Found a glowing golden altar of the Shining One.
  3498 | D:5      | Entered Level 5 of the Dungeon
  3550 | D:5      | Found a shattered altar of Ashenzari.
  3634 | D:5      | Gained mutation: You are hated by all. [Ru sacrifice]
  3634 | D:5      | Reached * piety under Ru
  3756 | D:5      | Found a burning altar of Makhleb.
  3861 | D:5      | Noticed Sigmund
  3877 | D:5      | Killed Sigmund
  3877 | D:5      | Reached XP level 8. HP: 63/63 MP: 9/16
  3978 | D:5      | Found an opulent altar of Gozag.
  4016 | D:5      | Found a deep blue altar of Sif Muna.
  4173 | D:6      | Found Laxy's Gadget Emporium.
  4566 | D:6      | Found a bloodstained altar of Trog.
  4671 | D:6      | Learned a level 3 spell: Spectral Weapon
  5288 | D:7      | Reached XP level 9. HP: 30/69 MP: 12/18
  5460 | D:7      | Learned a level 3 spell: Regeneration
  5520 | D:7      | Found a sparkling altar of Nemelex Xobeh.
  5563 | D:7      | Gained mutation: You cannot study or cast Poison magic. [Ru
                  | sacrifice]
  5563 | D:7      | Gained mutation: You cannot study or cast Necromancy magic.
                  | [Ru sacrifice]
  5563 | D:7      | Gained mutation: You cannot study or cast Summoning magic.
                  | [Ru sacrifice]
  5563 | D:7      | Reached ** piety under Ru
  5610 | D:7      | Found Hialeo's Assorted Antiques.
  5761 | D:7      | Bought a shimmering leather armour for 189 gold pieces
  5771 | D:7      | Identified the +2 leather armour "Tovvia" {rN+ MR+ Dex-3}
                  | (You bought it in a shop on level 7 of the Dungeon)
  5841 | D:7      | Found a staircase to the Ecumenical Temple.
  6138 | D:7      | Got a twisted dagger
  6139 | D:7      | Identified the cursed +1 dagger of Wrath {drain, Str+2
                  | Int+3} (You found it on level 7 of the Dungeon)
  6318 | D:8      | Reached skill level 5 in Armour
  6525 | D:8      | Slain by a wight

Skill      XL: |  1  2  3  4  5  6  7  8  9 |
---------------+----------------------------+-----
Spellcasting   | 5 6 |  6.7
Invocations    | 1 2 3 4 |  4.8
Short Blades   | 1 2 3 4 |  4.3
Axes           | 1 2 3 4 |  4.3
Maces & Flails | 1 2 3 4 |  4.3
Polearms       | 1 2 3 4 |  4.3
Staves         | 1 2 3 4 |  4.3
Slings         | 1 2 3 4 |  4.3
Bows           | 1 2 3 4 |  4.3
Crossbows      | 1 2 3 4 |  4.3
Throwing       | 1 2 3 4 |  4.3
Stealth        | 1 2 3 4 |  4.3
Shields        | 1 2 3 4 |  4.3
Unarmed Combat | 1 2 3 4 |  4.3
Evocations     | 1 2 3 4 |  4.3
Conjurations   | 1 2 3 |  3.5
Hexes          | 1 2 3 |  3.5
Summonings     | 1 2 3 0 |  0.0
Necromancy     | 1 2 3 0 |  0.0
Translocations | 1 2 3 |  3.5
Transmutations | 1 2 3 |  3.5
Fire Magic     | 1 2 3 |  3.5
Ice Magic      | 1 2 3 |  3.5
Air Magic      | 1 2 3 |  3.5
Earth Magic    | 1 2 3 |  3.5
Poison Magic   | 1 2 3 0 |  0.0
Armour         | 3 4 5 |  5.1
Fighting       | 5 6 |  6.4
Long Blades    | 5 6 |  6.4
Dodging        | 5 6 |  6.4
Charms         | 6 |  6.6

Action                   |  1- 3 |  4- 6 |  7- 9 || total
-------------------------+-------+-------+-------++-------
Melee: Falchion          |    86 |   136 |   358 ||   580
       Bite              |    14 |    21 |    65 ||   100
       Punch             |       |     1 |     8 ||     9
       Dagger            |       |       |    94 ||    94
 Cast: Infusion          |     9 |     5 |    10 ||    24
       Shroud of Golubri |       |     4 |    19 ||    23
       Song of Slaying   |       |     2 |     8 ||    10
       Spectral Weapon   |       |       |     3 ||     3
Invok: Sacrifice Love    |       |       |     1 ||     1
       Sacrifice Arcana  |       |       |     1 ||     1
Evoke: Wand              |       |       |     3 ||     3
  Use: Scroll            |     2 |     7 |     7 ||    16
       Potion            |       |     5 |     6 ||    11
 Stab: Sleeping          |       |     2 |     7 ||     9
       Distracted        |       |       |     1 ||     1
  Eat: Chunk             |       |     7 |    12 ||    19
Armor: Leather armour    |    18 |    20 |   114 ||   152
       Skin              |       |       |    16 ||    16
Dodge: Dodged            |    53 |    81 |   293 ||   427
       Rpst.: Falchion   |    15 |    30 |    71 ||   116
